 Dungeon Crawl Stone Soup version 0.20.1-1-g8b1a95d (webtiles) character file.

88 vishdafish the Sneak (level 4, -7/33 HPs)
             Began as a Vampire Assassin on July 15, 2017.
             Killed by divine providence
             ... invoked by an orc priest
              (13 damage)
             ... on level 2 of the Dungeon.
             The game lasted 00:03:52 (1725 turns).

vishdafish the Sneak (Vampire Assassin)             Turns: 1725, Time: 00:03:53

Health: -7/33      AC:  3    Str: 10    XL:     4   Next: 29%
Magic:  4/4        EV: 13    Int: 13    God:
Gold:   66         SH:  0    Dex: 16    Spells: 3/3 levels left

rFire    . . .     SeeInvis +   a - +2 dagger
rCold    . . .     Gourm    .   (no shield)
rNeg     + . .     Faith    .   c - +0 robe
rPois    .         Spirit   .   (no helmet)
rElec    .         Reflect  .   d - +0 cloak
rCorr    .         Harm     .   (no gloves)
MR       .....                  (no boots)
Stlth    ++++......             (no amulet)
Regen    0.2/turn               (no ring)
MPRegen  0.1/turn               (no ring)

@: no status effects
A: fangs 3, see invisible, unbreathing
a: Bat Form


You were on level 2 of the Dungeon.
You were not thirsty.

You visited 1 branch of the dungeon, and saw 3 of its levels.

You collected 66 gold pieces.

Inventory:

Hand Weapons
 a - a +2 dagger (weapon)
 b - a +0 blowgun
Missiles
 e - 8 poisoned needles
 f - 2 curare-tipped needles
Armour
 c - a +0 robe (worn)
 d - a +0 cloak (worn)
Scrolls
 i - a scroll of amnesia
 j - a scroll of noise
 n - a scroll of fog {unknown}
 o - a scroll of teleportation {unknown}
Potions
 g - 10 potions of blood
 h - 2 potions of lignification
 k - a potion of magic {unknown}
 l - a potion of flight {unknown}


   Skills:
 - Level 1.7 Fighting
 + Level 3.4 Short Blades
 - Level 1.5 Throwing
 + Level 2.1 Dodging
 * Level 7.4 Stealth


You had 3 spell levels left.
You didn't know any spells.

Dungeon Overview and Level Annotations

Branches:
Dungeon (3/15)

Altars:
Dithmenos
Hepliaklqana
Vehumet


Innate Abilities, Weirdness & Mutations

You have razor-sharp teeth.
You have supernaturally acute eyesight. (SInv)
You can survive without breathing.


Message History

The orc priest is moderately wounded.
The orc hits you but does no damage. The orc priest barely misses you.
You hit the orc priest. Your bite misses the orc priest.
The orc priest is heavily wounded.
The orc hits you with a club.
You hit the orc priest.
The orc priest is severely wounded.
The orc priest hits you with a flail!
You closely miss the orc priest.
The orc priest is severely wounded.
The orc hits you but does no damage. The orc priest hits you with a flail!
* * * LOW HITPOINT WARNING * * *
You hit the orc priest but do no damage.
The orc priest is severely wounded.
The orc completely misses you.
You hit the orc priest.
The orc priest is almost dead.
The orc priest calls down the wrath of Beogh upon you.
Beogh smites you!
You die...

.#########'#..#...#.#
#.# .# #......#...#.#
#.# .#
#..........#.########.#
.#
#....##.#..#..........#
.#
#....##....############
.# ###'####...# .# #.#
#...# .# #.# #oo.# .#
#.# ##@)# ######## .#
#.#####..# #....... .#
#.#...#..# #.###### .#
#.#.#.#..# #.# .#
#.#.#.#..# #.# .#
#.#.#.#..# #.# .#
#.#.#<#..# #.# .#
#.#.###..# #.# ##
#.#......# #.#


You could see an orc priest and an orc.

Vanquished Creatures
  3 gnolls (D:2)
  2 adders (D:2)
  2 leopard geckos
  2 orcs
  7 bats
  2 giant cockroaches
  4 goblins
  A hobgoblin (D:2)
  4 jackals
  A ball python (D:1)
  2 frilled lizards
  2 kobolds (D:1)
  4 rats
36 creatures vanquished.

Notes
Turn   | Place    | Note
-------+----------+-------------------------------------------
     0 | D:1      | vishdafish the Vampire Assassin began the quest for the Orb.
     0 | D:1      | Reached XP level 1. HP: 16/16 MP: 1/1
    19 | D:1      | Reached skill level 6 in Stealth
   118 | D:1      | Reached XP level 2. HP: 22/22 MP: 2/2
   506 | D:2      | Reached XP level 3. HP: 27/27 MP: 3/3
   514 | D:2      | Found a shadowy altar of Dithmenos.
   514 | D:2      | Found a hazy altar of Hepliaklqana.
   514 | D:2      | Found a radiant altar of Vehumet.
   803 | D:2      | Reached skill level 7 in Stealth
   810 | D:2      | Reached XP level 4. HP: 33/33 MP: 4/4
  1725 | D:2      | Killed from afar by an orc priest

Skill      XL: |  1  2  3 |
---------------+----------+-----
Stealth        | 6 7 |  7.4
Short Blades   | 3 |  3.4
Dodging        | 2 |  2.1
Fighting       | |  1.7
Throwing       | |  1.5

Action                   |  1- 3 |  4- 6 || total
-------------------------+-------+-------++-------
Melee: Dagger            |    51 |    24 ||    75
       Bite              |     2 |       ||     2
 Fire: Blowgun           |     3 |       ||     3
  Use: Scroll            |       |     5 ||     5
       Potion            |       |     2 ||     2
 Stab: Sleeping          |    13 |     5 ||    18
Armor: Robe              |     7 |     3 ||    10
Dodge: Dodged            |    19 |    12 ||    31
